 Dungeon Crawl Stone Soup version 0.28-a0-630-g0357d9c091 (webtiles) character file.

Game seed: 14158729917539676746

68695 bvjlrl the Unseen (level 14, 0/72 HPs)
             Began as a Spriggan Enchanter on Oct 9, 2021.
             Was the Champion of Dithmenos.
             Slain by a catoblepas (9 damage)
             ... while petrified by a catoblepas
             ... on level 6 of the Lair of Beasts.
             The game lasted 01:02:37 (27318 turns).

bvjlrl the Unseen (Spriggan Enchanter)             Turns: 27318, Time: 01:02:38

Health: 0/72       AC: 11    Str:  8    XL:     14   Next: 87%
Magic:  42/42      EV:  4    Int: 18    God:    Dithmenos [******]
Gold:   1843       SH:  0    Dex: 15    Spells: 34/42 levels left

rFire   + + .      SeeInvis +   a - +4 dagger (spect)
rCold   + . .      Faith    .   (shield restricted)
rNeg    + + +      Spirit   .   P - +2 steam dragon scales
rPois   ∞          Reflect  .   (helmet restricted)
rElec   .          Harm     .   e - scarf {+Inv}
rCorr   .          Rampage  .   (gloves unavailable)
Will    ++...                   (boots unavailable) Stlth ***+++++++
                                l - amulet of magic regeneration
HPRegen 0.22/turn               s - ring of magical power
MPRegen 0.53/turn               i - +4 ring of protection

@: petrified, on berserk cooldown, slowed, wreathed by umbra, very quick
A: very small, no large weapons, unfitting armour, see invisible, speed 3,
hooves 1, cold resistance 1, fire resistance 2, poison resistance
a: Renounce Religion, Evoke Invisibility, Shadow Step, Shadow Form


You were on level 6 of the Lair of Beasts.
You worshipped Dithmenos.
Dithmenos was exalted by your worship.
You visited 2 branches of the dungeon, and saw 20 of its levels.
You also visited: Volcano.

You collected 2129 gold pieces.
You spent 286 gold pieces at shops.

Inventory:

Hand Weapons
 a - a +4 spectral dagger (weapon)
 t - a +0 dagger of electrocution
 N - a +0 dagger of holy wrath
Missiles
 r - 3 throwing nets (quivered)
Armour
 e - a scarf of invisibility (worn)
 j - a +1 robe of cold resistance
 m - a +0 troll leather armour
 P - +2 steam dragon scales (worn)
Jewellery
 i - a +4 ring of protection (right hand)
 l - an amulet of magic regeneration (around neck)
 s - a ring of magical power (left hand)
 u - a ring of ice
 y - a ring of flight
 H - a ring of positive energy
 K - an amulet of reflection
 M - the ring of the Gloaming {Will+ Int+4}
   (You found it on level 4 of the Lair of Beasts)

   [ring of willpower]

   Int:       It affects your intelligence (+4).
   Will:      It increases your willpower.
Wands
 b - a wand of mindburst (28)
 q - a wand of paralysis (20)
 x - a wand of digging (6)
 C - a wand of iceblast (1)
 D - a wand of charming (7)
 F - a wand of flame (63)
 I - a wand of polymorph (14)
Scrolls
 d - 13 scrolls of identify
 f - 3 scrolls of magic mapping
 k - 8 scrolls of teleportation
 w - a scroll of holy word
 A - a scroll of immolation
 B - a scroll of fog
 L - a scroll of brand weapon
 O - a scroll of summoning
Potions
 c - 7 potions of curing
 g - 3 potions of heal wounds
 h - 3 potions of attraction
 n - 5 potions of flight
 o - a potion of cancellation
 p - 5 potions of haste
 v - 3 potions of might
 G - 2 potions of brilliance
 J - 2 potions of magic
 Q - a potion of lignification
Miscellaneous
 E - a phial of floods


   Skills:
 + Level 7.1 Fighting
 + Level 9.4 Short Blades
 + Level 11.5 Dodging
 + Level 19.8 Stealth
 + Level 14.7 Spellcasting
 + Level 14.7 Hexes
 + Level 9.4 Evocations


You had 34 spell levels left.
You knew the following spells:

 Your Spells              Type           Power      Damage    Failure   Level
a - Ensorcelled Hibernat  Hex/Ice        78%        N/A       1%          2
b - Tukima's Dance        Hex            60%        N/A       1%          3
c - Dazzling Flash        Conj/Hex       78%        N/A       1%          3

Your spell library contained the following spells:

 Spells                   Type           Power      Damage    Failure   Level
 Confusing Touch          Hex            60%        N/A       1%          3
 Inner Flame              Hex/Fire       39%        N/A       1%          3
 Foxfire                  Conj/Fire      52%        2x1d6     4%          1
 Magic Dart               Conj           52%        1d5       4%          1
 Pain                     Necr           52%        1d6       4%          1
 Sting                    Tmut/Pois      52%        1d5       4%          1
 Silence                  Hex/Air        19%        N/A       7%          5
 Call Imp                 Summ           13%        N/A       8%          2
 Poisonous Vapours        Pois/Air       26%        N/A       8%          2
 Conjure Flame            Conj/Fire      13%        6-21      14%         3
 Gell's Gravitas          Tloc           6%         N/A       14%         3
 Mephitic Cloud           Conj/Pois/Air  13%        N/A       14%         3
 Teleport Other           Tloc           13%        N/A       14%         3
 Flame Wave               Conj/Fire      13%        3d5       43%         4
 Olgreb's Toxic Radiance  Pois           13%        N/A       43%         4
 Passage of Golubria      Tloc           N/A        N/A       43%         4
 Borgnjor's Vile Clutch   Necr/Erth      6%         N/A       80%         5
 Fireball                 Conj/Fire      6%         3d5       80%         5
 Dispersal                Tloc           6%         N/A       100%        6
 Lehudib's Crystal Spear  Conj/Erth      6%         10d3      100%        8
 Fire Storm               Conj/Fire      6%         8d2       100%        9


Dungeon Overview and Level Annotations

Branches:
Dungeon (14/15)            Temple (0/1) D:7            Lair (6/6) D:8
 Shoals (0/4) Lair:4        Snake (0/4) Lair:2        Slime (0/5) Lair:6
    Orc (0/2) D:11         Vaults (0/5) D:14        Volcano (visited)

Altars:
Dithmenos
Elyvilon
Fedhas
Gozag
Kikubaaqudgha
Makhleb
Nemelex Xobeh
Okawaru
Ru
Sif Muna
Trog
Wu Jian
Xom
Zin
The Shining One

Shops:
D:2 ?   D:3 (   D:6 !


Innate Abilities, Weirdness & Mutations

You are very small and have problems with some larger weapons.
You are too small for most types of armour.
You have supernaturally acute eyesight. (SInv)
You cover ground extremely quickly. (Speed+++)
You have large cloven feet.
Your flesh is cold resistant. (rC+)
Your flesh is very heat resistant. (rF++)
Your system is resistant to poisons. (rPois)


Message History

Your +4 spectral dagger hits the catoblepas.
The catoblepas breathes a plume of calcifying dust at you.
The blast of calcifying dust hits you but does no damage.
Unknown command.
The catoblepas barely misses you.
You hit the catoblepas.
The catoblepas is severely wounded.
Your +4 spectral dagger hits the catoblepas but does no damage.
The catoblepas completely misses you.
You hit the catoblepas but do no damage.
The catoblepas is severely wounded.
Your +4 spectral dagger hits the catoblepas.
Unknown command.
You hit the catoblepas but do no damage.
The catoblepas is almost dead.
Your +4 spectral dagger hits the catoblepas.
The catoblepas breathes a plume of calcifying dust at you.
The blast of calcifying dust hits you!
* * * LOW HITPOINT WARNING * * *
You hit the catoblepas but do no damage.
You kick the catoblepas, but do no damage.
The catoblepas is almost dead.
Your +4 spectral dagger hits the catoblepas.
You are engulfed in calcifying dust.
You are slowing down.
The catoblepas gores you!
* * * LOW HITPOINT WARNING * * *
You feel much better.
You are engulfed in calcifying dust.
Your limbs have turned to stone.
The catoblepas breathes a plume of calcifying dust at you.
The blast of calcifying dust hits you!
* * * LOW HITPOINT WARNING * * *
The catoblepas barely misses you.
You have turned to stone.
You are engulfed in calcifying dust.
The catoblepas gores you!
* * * LOW HITPOINT WARNING * * *
The catoblepas gores you!
* * * LOW HITPOINT WARNING * * *
The catoblepas gores you but does no damage.
The catoblepas gores you!!
You die...

###.............##.....##....#...
##............<.#....#.#....#....
.#PP.......#P....#.....#....##...
...)#.P....##....##.....#....#.†.
.#..##......#..........#########†
###.#..............(.#...#####.##
#...............#.##.......)...
####............)...##.....#....#
.##.#.#.........@..####......#..#
#####..#.........Y..##.#P...#.###
# ##...#..........###.##†.....#
####..#...............Y....Y.###
.PP.........P.........#....#...#
.......##..#..............##..##
P......[###......#........##.PP##
.......###..###.###..######.....#
######## ####*###*#### ##....#


You could see a catoblepas.

Vanquished Creatures
  Rupert (D:12)
  2 boulder beetles
  5 hydras
  A vault guard (D:14)
  A catoblepas (Lair:5)
  Erica (D:9)
  2 centaur warriors
  5 two-headed ogres
  5 death yaks (Lair:3)
  2 alligators (Lair:6)
  A tengu warrior (D:14)
  6 skeletal warriors
  3 anaconda skeletons (Volcano)
  2 lindwurms (Lair:6)
  A deep elf pyromancer (D:14)
  12 ugly things
  5 cyclopes
  A manticore (D:11)
  5 elephants (Lair:4)
  5 black mambas
  Maggie (D:10)
  11 cane toads
  7 gargoyles
  An efreet (D:14)
  3 rime drakes
  An unseen horror (D:12)
  9 komodo dragons
  A polar bear (Lair:4)
  3 meliai (D:14)
  5 trolls
  Grinder (D:6)
  4 harpy skeletons (Volcano)
  13 blink frogs
  9 slime creatures
  12 dream sheep (Lair:5)
  Sigmund (D:2)
  2 vampires
  2 shadows
  A flying skull (Volcano)
  A wraith (D:10)
  52 yaks
  A wyvern (Lair:4)
  Eustachio (D:4)
  3 fire bats (Lair:4)
  A steam dragon (Lair:5)
  A basilisk (D:13)
  10 vampire mosquitoes
  An acid dragon (Lair:5)
  12 water moccasins
  5 orc warriors
  A necrophage (D:5)
  2 ice beasts
  A sky beast (D:8)
  3 black bears (D:5)
  7 centaurs
  6 ogres (D:7)
  A phantom (D:6)
  A kobold brigand (D:7)
  7 bullfrogs
  4 scorpions
  3 wyvern zombies
  A water moccasin skeleton (D:7)
  10 killer bees
  3 wights (D:8)
  2 electric eels
  A spriggan skeleton (Volcano)
  3 troll skeletons (Volcano)
  A howler monkey (D:6)
  3 orc priests
  3 centaur zombies
  A jelly (D:6)
  2 bullfrog skeletons
  2 gnoll shamans (D:7)
  3 hounds
  16 hell rats
  Ijyb (D:4)
  2 iguanas
  Natasha (thrice) (D:3)
  8 orc wizards
  Robin (D:3)
  14 gnolls
  3 adders (D:2)
  2 howler monkey skeletons (D:6)
  18 river rats
  2 shadow imps (D:7)
  2 white imps
  2 ufetubi
  2 adder skeletons (D:4)
  A worm (D:2)
  4 dart slugs
  31 orcs
  5 endoplasms
  7 giant cockroaches
  17 goblins
  6 hobgoblins
  2 jackals (D:2)
  9 kobolds
  8 quokkas
  6 ball pythons
  2 bats
  6 frilled lizards
  21 rats
  A butterfly (Lair:4)
514 creatures vanquished.

Vanquished Creatures (collateral kills)
  2 ugly things (D:14)
  An orc warrior (D:7)
  A gnoll (D:5)
  2 orcs (D:9)
6 creatures vanquished.

Vanquished Creatures (others)
  An ugly thing (D:14)
  6 dancing weapons
  A quokka (D:14)
  29 fungi
  36 plants
73 creatures vanquished.

Grand Total: 593 creatures vanquished

Notes
Turn   | Place    | Note
-------+----------+-------------------------------------------
     0 | D:1      | bvjlrl the Spriggan Enchanter began the quest for the Orb.
     0 | D:1      | Reached XP level 1. HP: 9/9 MP: 5/5
    49 | D:1      | Found a faded altar of an unknown god.
   612 | D:1      | Reached XP level 2. HP: 11/13 MP: 7/7
   625 | D:1      | Learned a level 2 spell: Ensorcelled Hibernation
  1865 | D:2      | Reached XP level 3. HP: 13/16 MP: 9/9
  2355 | D:2      | Found Biruh's Magic Scroll Shoppe.
  2364 | D:2      | Bought a scroll of identify for 22 gold pieces
  2364 | D:2      | Bought a scroll of identify for 22 gold pieces
  2364 | D:2      | Bought a scroll of identify for 22 gold pieces
  2367 | D:2      | Reached XP level 4. HP: 21/21 MP: 7/11
  2453 | D:2      | Reached skill level 5 in Hexes
  2606 | D:2      | Noticed Sigmund
  2618 | D:2      | Learned a level 3 spell: Tukima's Dance
  2622 | D:2      | Learned a level 3 spell: Dazzling Flash
  2997 | D:2      | Killed Sigmund
  2998 | D:2      | Reached skill level 5 in Spellcasting
  2998 | D:2      | Reached XP level 5. HP: 24/24 MP: 4/14
  3244 | D:3      | Noticed a water moccasin
  3259 | D:3      | Killed a water moccasin
  3260 | D:3      | Reached XP level 6. HP: 16/28 MP: 16/16
  3901 | D:3      | Found Pilac's Weapon Emporium.
  4005 | D:3      | Noticed Robin
  4244 | D:3      | Killed Robin
  4537 | D:3      | Noticed Natasha
  4553 | D:3      | Killed Natasha
  4710 | D:3      | Noticed Natasha
  4717 | D:3      | Killed Natasha
  4729 | D:3      | Noticed Natasha
  4745 | D:3      | Killed Natasha
  4746 | D:3      | Reached XP level 7. HP: 23/32 MP: 18/18
  4888 | D:4      | Noticed Eustachio
  4912 | D:4      | Killed Eustachio
  4913 | D:4      | Reached skill level 5 in Stealth
  5041 | D:4      | Reached skill level 6 in Stealth
  5353 | D:4      | Noticed Ijyb
  5357 | D:4      | Killed Ijyb
  5630 | D:4      | Found a shimmering altar of Xom.
  5635 | D:4      | Found a blossoming altar of Fedhas.
  5637 | D:4      | Found a bloodstained altar of Trog.
  5637 | D:4      | Found a burning altar of Makhleb.
  5639 | D:4      | Found a sparkling altar of Nemelex Xobeh.
  5642 | D:4      | Found a glowing silver altar of Zin.
  5835 | D:5      | Entered Level 5 of the Dungeon
  6189 | D:5      | Reached skill level 7 in Stealth
  6308 | D:5      | Reached XP level 8. HP: 36/36 MP: 18/20
  6329 | D:5      | Noticed a two-headed ogre
  6333 | D:5      | Reached skill level 8 in Stealth
  6350 | D:5      | Killed a two-headed ogre
  6351 | D:5      | Reached skill level 10 in Stealth
  7012 | D:5      | Found an iron altar of Okawaru.
  7041 | D:5      | Found an ornate altar of the Wu Jian Council.
  7053 | D:5      | Found a shadowy altar of Dithmenos.
  7063 | D:5      | Became a worshipper of Dithmenos the Shadowed
  7184 | D:5      | Reached skill level 11 in Stealth
  7184 | D:5      | Reached XP level 9. HP: 13/39 MP: 22/22
  7622 | D:6      | Found Wothurog's Distillery.
  7631 | D:6      | Bought a potion of curing for 30 gold pieces
  7631 | D:6      | Bought a potion of curing for 30 gold pieces
  7631 | D:6      | Bought a potion of heal wounds for 50 gold pieces
  7631 | D:6      | Bought a potion of invisibility for 80 gold pieces
  7631 | D:6      | Bought a potion of flight for 30 gold pieces
  7853 | D:6      | Found a shimmering blue altar of Sif Muna.
  8064 | D:6      | Noticed Grinder
  8066 | D:6      | Killed Grinder
  8221 | D:6      | Reached skill level 12 in Stealth
  9267 | D:7      | Found a staircase to the Ecumenical Temple.
  9279 | D:7      | Gained mutation: You are dopey. (Int -2) [potion of
                  | mutation]
  9279 | D:7      | Gained mutation: Your flesh is cold resistant. (rC+)
                  | [potion of mutation]
  9279 | D:7      | Gained mutation: You have large cloven feet. [potion of
                  | mutation]
  9417 | D:7      | Reached skill level 13 in Stealth
  9466 | D:7      | Reached * piety under Dithmenos
  9467 | D:7      | Reached skill level 10 in Hexes
  9848 | D:7      | Reached skill level 10 in Spellcasting
  9886 | D:7      | Reached skill level 14 in Stealth
  9903 | D:7      | Reached XP level 10. HP: 44/44 MP: 25/25
 11090 | D:8      | Reached skill level 15 in Stealth
 11379 | D:8      | Noticed a gargoyle
 11633 | D:8      | Found a sacrificial altar of Ru.
 11719 | D:8      | Killed a gargoyle
 12000 | D:8      | Found a staircase to the Lair.
 12108 | D:8      | Found a glowing golden altar of the Shining One.
 12489 | D:8      | Reached skill level 1 in Fighting
 13193 | D:8      | Reached ** piety under Dithmenos
 13400 | D:9      | Reached skill level 16 in Stealth
 13441 | D:9      | Noticed a two-headed ogre
 13448 | D:9      | Killed a two-headed ogre
 13449 | D:9      | Reached XP level 11. HP: 50/50 MP: 27/27
 13632 | D:9      | Noticed Erica
 13751 | D:9      | Killed Erica
 14003 | D:10     | Entered Level 10 of the Dungeon
 14404 | D:10     | Reached skill level 5 in Dodging
 14543 | D:10     | Found an opulent altar of Gozag.
 14836 | D:10     | Noticed a two-headed ogre
 14842 | D:10     | Noticed a two-headed ogre
 14843 | D:10     | Killed a two-headed ogre
 14849 | D:10     | Killed a two-headed ogre
 14934 | D:10     | Noticed Maggie
 14937 | D:10     | Killed Maggie
 15394 | D:11     | Reached *** piety under Dithmenos
 15404 | D:11     | Noticed a boulder beetle
 15413 | D:11     | Killed a boulder beetle
 15738 | D:11     | Lost mutation: You are dopey. (Int -2) [potion of mutation]
 15738 | D:11     | Lost mutation: You have large cloven feet. [potion of
                  | mutation]
 15738 | D:11     | Gained mutation: Your flesh is heat resistant. (rF+)
                  | [potion of mutation]
 15738 | D:11     | Gained mutation: You have hidden genetic potential. [potion
                  | of mutation]
 15738 | D:11     | Gained mutation: You have large cloven feet. [potion of
                  | mutation]
 15837 | D:11     | Reached skill level 17 in Stealth
 15932 | D:11     | Reached skill level 5 in Short Blades
 15932 | D:11     | Reached skill level 1 in Evocations
 16409 | D:11     | Found a staircase to the Orcish Mines.
 16479 | D:12     | Noticed a two-headed ogre
 16488 | D:12     | Killed a two-headed ogre
 16489 | D:12     | Reached XP level 12. HP: 58/58 MP: 29/29
 16568 | D:12     | Noticed a boulder beetle
 16593 | D:12     | Noticed Rupert
 16671 | D:12     | Killed a boulder beetle
 16702 | D:12     | Killed Rupert
 16899 | D:12     | Found a glowing silver altar of Zin.
 17424 | D:13     | Gained mutation: Your flesh is very heat resistant. (rF++)
                  | [hidden potential]
 17693 | D:13     | Reached **** piety under Dithmenos
 17707 | D:13     | Noticed a centaur warrior
 17709 | D:13     | Killed a centaur warrior
 17813 | D:13     | Noticed a six-headed hydra
 17816 | D:13     | Killed a six-headed hydra
 18083 | D:13     | Reached skill level 5 in Evocations
 18317 | D:14     | Reached skill level 5 in Fighting
 18317 | D:14     | Reached skill level 18 in Stealth
 18435 | D:14     | Reached XP level 13. HP: 63/63 MP: 31/31
 19213 | D:14     | Found a white marble altar of Elyvilon.
 19505 | D:14     | Identified the +9 war axe of Debt {vorpal, *Noise Will+
                  | Stlth+}
 19844 | D:14     | Found a gate to the Vaults.
 20023 | D:14     | Gained mutation: Your system is resistant to poisons.
                  | (rPois) [hidden potential]
 20023 | D:14     | Lost mutation: You have hidden genetic potential. [hidden
                  | potential expressed]
 20317 | Lair:1   | Entered Level 1 of the Lair of Beasts
 20338 | Lair:1   | You fall into a shaft and drop 1 floor!
 20837 | Lair:1   | Reached ***** piety under Dithmenos
 21427 | Lair:2   | Found a staircase to the Snake Pit.
 22189 | Lair:3   | Reached skill level 10 in Dodging
 22450 | Lair:3   | Got the Catalogue of the Hidden Vale
 22826 | Lair:3   | Reached skill level 19 in Stealth
 23233 | Lair:3   | Reached XP level 14. HP: 27/68 MP: 32/32
 23864 | Lair:4   | Found a staircase to the Shoals.
 24043 | Lair:4   | Identified the ring of the Gloaming {Will+ Int+4}
 24344 | Lair:4   | Found a dark tunnel.
 24359 | Volcano  | Entered a volcano
 25361 | Lair:5   | Reached ****** piety under Dithmenos
 25717 | Lair:5   | Found an ancient bone altar of Kikubaaqudgha.
 26310 | Lair:6   | Entered Level 6 of the Lair of Beasts
 27318 | Lair:6   | Slain by a catoblepas

Illustrated notes

Levels and vault maps discovered:
D:1:      kennysheep_arrival_seaside, layout_basic,
          chequers_ecumenical_altar_island, chequers_jeans
D:2:      layout_basic, serial_shops, shop, minmay_pentomino_pile, uniq_sigmund
D:3:      layout_loops_ring, serial_shops, shop, uniq_robin, uniq_natasha
D:4:      layout_loops_ring, minitemple, uniq_eustachio, uniq_ijyb
D:5:      layout_basic, grunt_dithmenos_smoke,
          mainiacjoe_overflow_large_starburst, enter_ossuary_1
D:6:      layout_layer_cave, nicolae_overflow_hidden_temple, serial_shops,
          nicolae_shop_temple_entry_statues_fountains, uniq_grinder
D:7:      kennysheep_seaside_town, layout_basic, temple_hall
D:8:      layout_basic, mainiacjoe_overflow_alcove_4, nicolae_ru_path_of_blood,
          lair_entry_dummy
D:9:      layout_cave_pools, uniq_erica
D:10:     layout_stronghold, nicolae_gozag_cash_rules_everything_around_me,
          uniq_maggie
D:11:     layout_loops_ring, hiddenorc1_lemuel, kennysheep_generic_room_4
D:12:     layout_irregular_city, zin_academy, uniq_rupert
D:13:     layout_loops_ring
D:14:     layout_loops_ring, david_vaults_5,
          minmay_staircase_statues_hall_small, elyvilon_altar_4
Lair:1:   layout_loops_ring, minivault_11, chequers_serial_rivers_marsh,
          grunt_megastairs_5
Lair:2:   layout_regular_city, dummy_snake_entry, chequers_serial_rivers_large_a
Lair:3:   lemuel_ratsnest, layout_misc_corridors, grunt_megastairs_2,
          infiniplex_staircase_pool_2
Lair:4:   layout_layer_cave, shoals_dummy_entry, nicolae_volcano_entry_batcave,
          lemuel_fruit_fields, grunt_megastairs_4
Lair:5:   layout_long_grid, basic_altar, serial_bayou_pond_b,
          grunt_forest_stairs_basic, guppyfry_lair_drakes, serial_bayou_shore_b,
          serial_bayou_shore_a
Lair:6:   hangedman_lair_in_review, layout_loops_ring, slime_altar_2,
          kennysheep_abandoned_house

Skill      XL: |  1  2  3  4  5  6  7  8  9 10 11 12 13 14 |
---------------+-------------------------------------------+-----
Spellcasting   | 3 4 5 6 7 8 10 11 12 13 14 | 14.7
Hexes          | 4 6 7 8 9 10 11 12 13 14 | 14.7
Stealth        | 7 11 14 16 17 18 19 | 19.8
Dodging        | 4 6 8 10 11 | 11.5
Fighting       | 1 3 5 6 7 |  7.1
Short Blades   | 2 5 6 8 9 |  9.4
Evocations     | 1 5 7 9 |  9.4

Action                   |  1- 3 |  4- 6 |  7- 9 | 10-12 | 13-15 || total
-------------------------+-------+-------+-------+-------+-------++-------
Melee: Dagger            |   116 |   127 |   205 |   474 |   561 ||  1483
       Kick              |       |       |    13 |   108 |    98 ||   219
 Cast: Ensorcelled Hiber |    12 |    21 |    13 |    78 |   144 ||   268
       Tukima's Dance    |       |     5 |    12 |    13 |    10 ||    40
       Dazzling Flash    |       |       |     1 |     1 |    40 ||    42
Invok: Shadow Step       |       |       |       |     1 |     2 ||     3
 Abil: Evoke Invisibilit |       |       |       |       |     1 ||     1
Evoke: Wand              |       |     6 |     5 |    21 |    17 ||    49
       Phial of floods   |       |       |       |       |     2 ||     2
  Use: Potion            |     1 |     3 |     1 |     3 |     2 ||    10
       Scroll            |     4 |     4 |    11 |     6 |     8 ||    33
 Stab: Sleeping          |    13 |    15 |    34 |    75 |   137 ||   274
       Invisible         |     1 |       |       |     1 |    21 ||    23
       Distracted        |       |     2 |     8 |     9 |     9 ||    28
       Paralysed         |       |       |       |       |     1 ||     1
Armor: Robe              |    15 |     4 |    12 |    29 |       ||    60
       Troll leather arm |       |       |       |    29 |    32 ||    61
       Steam dragon scal |       |       |       |       |    10 ||    10
Dodge: Dodged            |    76 |    80 |   139 |   389 |   353 ||  1037

Table legend: (Time is in decaauts)
 A = Elapsed time spent in this place.
 B = Non-inter-level travel time spent in this place.
 C = Inter-level travel time spent in this place.
 D = Time resting spent in this place.
 E = Time spent auto-exploring this place.
 F = Levels seen in this place.
 G = Mean time per level.
                   A        B        C        D        E       F      G
               +--------+--------+--------+--------+--------+-----+--------+
         Total |  20700 |  20093 |    607 |   3189 |  12934 |  21 |  985.7 |
       Dungeon |  15921 |  15464 |    457 |   2839 |  10072 |  14 | 1137.2 |
          Lair |   4512 |   4362 |    150 |    316 |   2854 |   6 |  752.0 |
       Volcano |    266 |    266 |      0 |     34 |      7 |   1 |  266.0 |
               +--------+--------+--------+--------+--------+-----+--------+

Top non-repeatable levels by time:
     D:8: 2261 daAuts
     D:1: 1599 daAuts
     D:3: 1507 daAuts
     D:7: 1357 daAuts
     D:5: 1166 daAuts
    D:14: 1157 daAuts
    D:10: 1152 daAuts
    D:13: 1028 daAuts
  Lair:5: 1027 daAuts
     D:6: 984 daAuts
     D:4: 982 daAuts
     D:2: 915 daAuts
  Lair:3: 878 daAuts
  Lair:4: 837 daAuts
  Lair:2: 664 daAuts
